Map: Ephemeron LE

Players

Kelazhur

  • Race: Terran Terran
  • Spawn Location: 5:00

SpeCial - Winner!

  • Race: Terran Terran
  • Spawn Location: 11:00

VOD

Have the link to the VOD?

Description

Time

  • Played on: Sept. 6, 2019, 7:52 p.m.
  • Length: 8:23
Show
View Real Time Build Order
Export as new Build Order

Kelazhur Terran 

Build Orders:  

Get SALT Encoding   

  12  0:00  SCV  
  13  0:13  SCV  
  14  0:17  Supply Depot  
  14  0:25  SCV  
  15  0:29  Refinery  
  15  0:38  SCV  
  16  0:45  Barracks  
  16  0:50  SCV  
  16  0:55  Refinery  
  17  1:03  SCV  
  18  1:15  SCV  
  19  1:31  Orbital Command  
  19  1:33  Factory  
  19  1:34  Reaper  
  20  1:42  Supply Depot  
  20  1:57  SCV  
  21  2:06  Reaper  
  22  2:09  SCV  
  23  2:17  Hellion  
  23  2:21  SCV  
  26  2:28  Command Center  
  26  2:35  SCV  
  27  2:41  Widow Mine, Barracks Tech Lab  
  27  2:43  Supply Depot  
  29  2:47  SCV  
  30  2:54  Starport  
  30  2:59  SCV  
  29  3:11  SCV  
  30  3:18  Cyclone  
  33  3:23  SCV, Barracks Reactor  
  34  3:31  Refinery  
  34  3:32  Starport Reactor, Starport Tech Lab  
  34  3:35  SCV  
  34  3:40  Orbital Command  
  35  3:47  SCV  
  36  3:51  Raven  
  38  3:59  Marine x2, SCV  
  39  4:07  SCV  
  40  4:12  Siege Tank, SCV  
  44  4:19  Marine x2, SCV, Supply Depot  
  44  4:24  SCV  
  48  4:32  SCV  
  48  4:36  Marine x2, SCV  
  52  4:44  SCV  
  52  4:45  Siege Tank  
  52  4:48  SCV  
  51  4:54  Marine x2  
  51  4:55  Raven  
  51  4:56  SCV  
  51  4:58  Supply Depot  
  56  5:00  SCV  
  54  5:12  Marine x2  
  54  5:14  Command Center, SCV x2  
  58  5:17  Siege Tank  
  58  5:26  SCV  
  59  5:28  Supply Depot  
  59  5:29  Refinery  
  59  5:30  Marine x2, SCV  
  62  5:38  SCV  
  63  5:43  SCV  
  63  5:44  Raven  
  63  5:48  Marine x2  
  68  5:50  Siege Tank, SCV  
  68  5:55  SCV  
  73  5:57  Supply Depot  
  73  6:02  SCV  
  74  6:05  Marine  
  74  6:06  Marine  
  74  6:07  SCV  
  77  6:13  Barracks x2  
  77  6:14  SCV  
  77  6:16  Engineering Bay x2  
  78  6:19  SCV  
  78  6:22  Siege Tank  
  82  6:26  SCV  
  83  6:34  Orbital Command  
  83  6:39  Marine  
  57  6:40  Stimpack, Viking x2  
  83  6:43  SCV  
  88  6:49  Barracks x2  
  88  6:50  SCV  
  88  7:00  Siege Tank  
  91  7:05  Marine  
  91  7:06  Barracks Reactor  
  91  7:07  Barracks Reactor  
  92  7:14  Viking x2  
  96  7:21  SCV x3, Supply Depot  
  99  7:23  Marine  
  99  7:37  Siege Tank  
  99  7:41  Marine  
  99  7:42  Marine x4  
  99  7:43  SCV x2, Viking  
  99  7:44  Viking  
  102  7:49  Marine  
  102  7:53  Marine  
  103  7:59  Marine x2  
  103  8:00  Marine x3  
Show
View Real Time Build Order
Export as new Build Order

SpeCial Terran - Winner!

Build Orders:  

Get SALT Encoding   

  12  0:00  SCV  
  13  0:12  SCV  
  14  0:17  Supply Depot  
  14  0:24  SCV  
  15  0:28  Refinery  
  15  0:38  SCV  
  16  0:44  Barracks  
  16  0:51  SCV  
  16  0:55  Refinery  
  17  1:03  SCV  
  18  1:15  SCV  
  20  1:32  Factory  
  20  1:33  Orbital Command  
  20  1:34  Reaper  
  20  1:42  Supply Depot  
  20  1:58  SCV  
  21  2:06  Reaper  
  22  2:10  SCV  
  23  2:16  Hellion  
  25  2:23  SCV  
  25  2:27  Command Center  
  26  2:35  SCV  
  27  2:37  Supply Depot  
  27  2:39  Factory Tech Lab  
  27  2:41  Barracks Reactor  
  27  2:47  SCV  
  28  2:52  Starport  
  28  3:02  Cyclone  
  29  3:07  SCV  
  29  3:18  Marine x2  
  29  3:19  SCV  
  32  3:30  Medivac  
  32  3:32  SCV  
  35  3:35  Marine  
  35  3:36  Marine  
  35  3:39  Cyclone  
  40  3:42  Orbital Command  
  40  3:46  SCV  
  41  3:53  Marine x2  
  41  3:55  Refinery  
  43  3:58  SCV  
  43  4:09  SCV  
  44  4:10  SCV  
  44  4:14  Marine x2  
  47  4:21  SCV  
  47  4:22  SCV, Raven  
  47  4:23  Factory Tech Lab  
  51  4:31  Supply Depot  
  51  4:32  Marine x2  
  51  4:33  SCV  
  54  4:40  SCV  
  54  4:45  SCV  
  54  4:51  Marine x2  
  54  4:52  Siege Tank, SCV  
  58  4:57  SCV, Supply Depot  
  59  5:04  SCV  
  60  5:09  SCV  
  60  5:14  Supply Depot  
  61  5:16  SCV  
  61  5:19  Viking x2  
  61  5:20  Marine  
  67  5:22  SCV, Supply Depot  
  68  5:28  SCV  
  68  5:31  Stimpack  
  68  5:34  SCV  
  73  5:35  Siege Tank  
  73  5:36  Supply Depot  
  73  5:40  SCV  
  74  5:43  Marine  
  74  5:45  Supply Depot  
  74  5:46  SCV  
  76  5:50  Viking x2  
  76  5:53  SCV  
  81  5:58  Refinery  
  81  6:01  Marine  
  82  6:05  Liberator  
  82  6:07  Siege Tank  
  85  6:11  SCV  
  85  6:14  Supply Depot  
  85  6:16  Liberator  
  85  6:17  Command Center  
  86  6:18  Marine  
  86  6:23  Supply Depot  
  90  6:31  SCV x2  
  92  6:35  Supply Depot  
  92  6:36  Marine  
  96  6:44  Siege Tank  
  99  6:49  SCV  
  99  6:50  SCV  
  101  6:54  Marine  
  102  7:01  SCV  
  102  7:02  SCV  
  102  7:04  Barracks  
  102  7:05  Barracks  
  104  7:12  Marine, Viking  
  107  7:16  Siege Tank, Viking  
  107  7:18  Engineering Bay  
  107  7:21  SCV  
  107  7:22  Engineering Bay  
  113  7:26  SCV  
  114  7:30  Marine  
  114  7:32  SCV  
  116  7:40  SCV  
  116  7:42  SCV  
  116  7:44  Viking  
  117  7:46  SCV, Viking  
  119  7:52  SCV  
  119  7:56  Marine  
  115  8:05  SCV  
  115  8:08  SCV  
  104  8:20  Barracks  
  104  8:21  Refinery  
  104  8:22  Barracks, Supply Depot, Refinery  
Tags
 
Add a new tag
Caveats
  • Supply blocks, unpowered buildings, or Contaminate may cause inaccurate times.
  • Supply counts are checked every 10 seconds.